 Dungeon Crawl Stone Soup version 0.30.1-11-g7821555f0a (webtiles) character file.

Game seed: 3066097989574659647

559 Okkudo the Cleaver (level 7, -1/60 HPs)
             Began as a Hill Orc Monk on Nov 29, 2023.
             Succumbed to Duvessa's poison
             ... on level 4 of the Dungeon.
             The game lasted 00:12:50 (3531 turns).

Okkudo the Cleaver (Hill Orc Monk)                  Turns: 3531, Time: 00:12:50

Health: -1/60      AC: 16    Str: 18    XL:     7   Next: 31%
Magic:  7/7        EV:  8    Int: 10    God:
Gold:   335        SH:  5    Dex: 13    Spells: 6/6 levels left

rFire   . . .        q - +5 hand axe of the Hairy God {protect, Fly rN+ Str+2}
rCold   . . .        d - orb {light}
rNeg    + . .        B - +0 chain mail
rPois   .            n - +0 helmet
rElec   .            (no cloak)
rCorr   .            (no gloves)
SInv    .            (no boots)
Will    .....        e - amulet of reflection Stlth
                     (no ring)
HPRegen 0.30/turn    (no ring)
MPRegen 0.10/turn

%: reflection
@: lethally poisoned (-1 -> -36), under a protective aura, flying, glowing
A: no striking features
a: no special abilities


You were on level 4 of the Dungeon.
You visited 1 branch of the dungeon, and saw 4 of its levels.

You collected 335 gold pieces.

Inventory:

Hand Weapons
 j - a +0 trident
 q - the +5 hand axe of the Hairy God (weapon) {protect, Fly rN+ Str+2}
   (You took it off a hobgoblin on level 2 of the Dungeon)

   Str:       It affects your strength (+2).
   rN:        It protects you from negative energy.
   Fly:       It grants you flight.
Missiles
 v - 9 poisoned darts (quivered)
Armour
 d - an orb of light (worn)
 n - a +0 helmet (worn)
 B - a +0 chain mail (worn)
Jewellery
 e - an amulet of reflection (around neck)
 w - the Hermit's Pendant {Faith Invo=14 Evo=0 MP+5}
   (You found it on level 3 of the Dungeon)

   [amulet of faith]

   Invo=14: It sets your Invocations skill to 14.
   Evo=0: It sets your Evocations skill to 0.
   It allows you to gain divine favour quickly.
   MP:        It affects your magic capacity (+5).
 z - an amulet of guardian spirit
Wands
 s - a wand of roots (10)
Scrolls
 b - 9 scrolls of identify {unknown}
 h - 3 scrolls of enchant armour {unknown}
 i - a scroll of noise {unknown}
 k - a scroll of poison {unknown}
 l - 2 scrolls of teleportation {unknown}
 m - a scroll of blinking {unknown}
 p - a scroll of immolation {unknown}
 y - a scroll of torment {unknown}
 A - a scroll of enchant weapon {unknown}
 C - a scroll of amnesia {unknown}
Potions
 a - a potion of curing {unknown}
 c - a potion of ambrosia
 f - a potion of haste {unknown}
 g - 3 potions of heal wounds {unknown}
 o - 2 potions of brilliance {unknown}
 r - a potion of lignification {unknown}
 t - 2 potions of berserk rage {unknown}
 u - a potion of flight {unknown}
 x - a potion of magic {unknown}


   Skills:
 - Level 4.8 Fighting
 * Level 9.5 Axes
 - Level 3.2 Dodging


You had 6 spell levels left.
You didn't know any spells.
Your spell library contained the following spells:

 Spells                   Type           Power      Damage    Failure   Level
 Magic Dart               Conj           0%         1d3       99%         1
 Call Imp                 Summ           0%         N/A       99%         2
 Mephitic Cloud           Conj/Pois/Air  0%         N/A       100%        3
 Borgnjor's Revivificati  Necr           0%         N/A       100%        8
 Necromutation            Tmut/Necr      0%         N/A       100%        8
 Death's Door             Necr           0%         N/A       100%        9


Dungeon Overview and Level Annotations

Branches:
Dungeon (4/15)
 Temple: D:4-7

Altars:
Gozag
Wu Jian

Shops:
D:1 :   D:3 =*?

Annotations:
D:4 Duvessa


Message History

You are more poisoned.
You barely miss Duvessa.
Duvessa is heavily wounded.
You hit Dowan.
You feel very sick.
You hit Duvessa.
Duvessa is heavily wounded.
You slash Dowan!
You feel very sick. You block Duvessa's attack. Dowan barely misses you.
You hit Duvessa.
Duvessa is severely wounded.
You slash Dowan!
You feel sick. Duvessa barely misses you. Dowan casts a spell at you.
The puff of frost hits you.
You slash Duvessa!
Duvessa is almost dead.
You hit Dowan but do no damage.
You feel sick.
Duvessa hits you with a +0 short sword of venom.
Dowan gestures wildly while chanting.
Dowan blinks!
You barely miss Dowan.
Dowan is almost dead.
You hit Duvessa but do no damage.
You feel sick. Duvessa hits you but does no damage.
You are more poisoned.
Dowan hits you but does no damage.
You hit Duvessa but do no damage.
Duvessa is almost dead.
You hit Dowan.
You kill Dowan!
Duvessa screams, "No!
How DARE you!"
Duvessa goes berserk!
You feel very sick.
Duvessa hits you with a +0 short sword of venom!
* * * LOW HITPOINT WARNING * * *
You are more poisoned.
You hit Duvessa.
Duvessa is almost dead.
You die...

#.... .... #...
#..# #..# #..# .#
#..##+#+##.#
#.)#....⌠#.#
#..@e...8#.##
#..#....⌠#..#
#..#######..#
#...........#
#.#####...#.#####
...# ###.......#
##### #.#####.#
#.# #.# #.# #.#


You could see Duvessa (berserk).

Vanquished Creatures
  Grinder (D:4)
  An ogre (D:4)
  A scorpion (D:3)
  Dowan (D:4)
  A hound (D:4)
  Jessica (D:2)
  3 gnolls (D:4)
  An adder (D:2)
  2 dart slugs (D:2)
  An orc (D:4)
  9 ball pythons
  5 endoplasms
  3 giant cockroaches (D:1)
  8 hobgoblins
  9 jackals
  3 quokkas
  9 bats
  2 frilled lizards
  6 goblins
  3 kobolds
  7 rats (D:1)
77 creatures vanquished.

Notes
Turn   | Place    | Note
-------+----------+-------------------------------------------
     0 | D:1      | Okkudo the Hill Orc Monk began the quest for the Orb.
     0 | D:1      | Reached XP level 1. HP: 19/19 MP: 1/1
   145 | D:1      | Found Xeridiut's Vocational Training.
   162 | D:1      | Reached XP level 2. HP: 14/27 MP: 2/2
   529 | D:1      | Reached XP level 3. HP: 30/33 MP: 3/3
  1165 | D:2      | Reached XP level 4. HP: 40/41 MP: 4/4
  1181 | D:2      | Identified the +5 hand axe of the Hairy God {protect, Fly
                  | rN+ Str+2}
  1337 | D:2      | Reached skill level 5 in Axes
  1354 | D:2      | Noticed Jessica
  1359 | D:2      | Killed Jessica
  1815 | D:3      | Found Ijoixean's Jewellery Boutique.
  1871 | D:3      | Found Asamefiu's Magic Scroll Shoppe.
  2002 | D:3      | Found Qygun's Assorted Antiques.
  2145 | D:3      | Found Zanegirch's Assorted Antiques.
  2341 | D:3      | Found a faded altar of an unknown god.
  2341 | D:3      | Found the Hermit's Pendant {Faith Invo=14 Evo=0 MP+5}
  2342 | D:3      | Noticed a scorpion
  2349 | D:3      | Killed a scorpion
  2350 | D:3      | Reached skill level 6 in Axes
  2350 | D:3      | Reached XP level 5. HP: 47/47 MP: 5/5
  3060 | D:4      | Reached skill level 7 in Axes
  3060 | D:4      | Reached XP level 6. HP: 37/55 MP: 6/6
  3061 | D:4      | Found an opulent altar of Gozag.
  3233 | D:4      | Noticed Grinder
  3331 | D:4      | Killed Grinder
  3332 | D:4      | Reached skill level 9 in Axes
  3332 | D:4      | Reached XP level 7. HP: 33/60 MP: 7/7
  3425 | D:4      | Found an ornate altar of the Wu Jian Council.
  3516 | D:4      | Noticed Duvessa
  3516 | D:4      | Noticed Dowan
  3530 | D:4      | Killed Dowan
  3531 | D:4      | Succumbed to Duvessa's poison

Illustrated notes

Levels and vault maps discovered:
D:1:      giann_wishing_wells, layout_basic, nicolae_shop_vocational
D:2:      minmay_door_path, layout_loops_ring, uniq_jessica
D:3:      layout_rooms, serial_shops, shop_statue,
          nicolae_shop_competitors_out_of_business, nicolae_shop_behind_doors,
          shop, hellmonk_guarded_unrand_hermit
D:4:      dreamdust_elfheim, layout_basic, nzn_wu_jian_contemplation,
          nicolae_gozag_cash_rules_everything_around_me, ebering_ghost_sewer_f,
          minmay_strange_pillars, uniq_grinder

Skill      XL: |  1  2  3  4  5  6 |
---------------+-------------------+-----
Fighting       | 4 |  4.8
Dodging        | 3 |  3.2
Axes           | 6 7 9 |  9.5

Action                     |  1- 3 |  4- 6 |  7- 9 || total
---------------------------+-------+-------+-------++-------
  Melee: Hand axe          |   116 |    89 |    16 ||   221
 Armour: Robe              |     3 |       |       ||     3
         Ring mail         |    19 |    25 |       ||    44
         Chain mail        |       |     3 |     6 ||     9
  Dodge: Dodged            |    64 |    37 |     3 ||   104
  Block: Orb               |    15 |    11 |     2 ||    28
